 Dungeon Crawl Stone Soup version 0.22-a0-456-g11ed031 (webtiles) character file.

6162 opiumtea the Covert (level 10, -1/51 HPs)
             Began as a Spriggan Enchanter on June 4, 2018.
             Was a Believer of Wu Jian.
             Slain by a four-headed hydra (12 damage)
             ... on level 1 of the Lair of Beasts on June 6, 2018.
             The game lasted 01:57:18 (16530 turns).

opiumtea the Covert (Spriggan Enchanter)           Turns: 16530, Time: 01:57:19

Health: -1/51      AC:  3    Str:  9    XL:     10   Next: 60%
Magic:  18/20      EV: 27    Int: 19    God:    Wu Jian [**....]
Gold:   544        SH:  0    Dex: 18    Spells: 8/21 levels left

rFire    . . .     SeeInvis +   D - +3 dagger
rCold    + . .     Gourm    .   (shield restricted)
rNeg     . . .     Faith    .   l - +1 robe
rPois    .         Spirit   .   (helmet restricted)
rElec    .         Reflect  .   N - +0 cloak
rCorr    .         Harm     .   (gloves unavailable)
MR       +....     Clarity  +   (boots unavailable)
Stlth    +++++.....             t - amulet of regeneration
HPRegen  0.57/turn              r - +3 ring of strength
MPRegen  0.17/turn              A - ring of protection from cold

@: very quick
A: very small, unfitting armour, see invisible, clarity, clever 1, deformed
body, herbivore, speed 3, slow metabolism 2
a: Wall Jump, Renounce Religion


You were on level 1 of the Lair of Beasts.
You worshipped Wu Jian.
Wu Jian was pleased with you.
You were not hungry.

You visited 3 branches of the dungeon, and saw 12 of its levels.

You collected 544 gold pieces.

Inventory:

Hand Weapons
 a - a +1 dagger
 b - a +0 hunting sling
 k - a +0 dagger
 p - a +0 blowgun
 s - a +2 dagger of speed
 v - a +1 dagger of venom
 C - a +2 falchion of electrocution
 D - a +3 dagger (weapon)
Missiles
 c - 365 stones (quivered)
 e - 62 sling bullets
 g - 110 bolts
 o - 52 poisoned needles
Armour
 l - a +1 robe (worn)
 N - a +0 cloak (worn)
Jewellery
 r - a +3 ring of strength (left hand)
 t - an amulet of regeneration (around neck)
 A - a ring of protection from cold (right hand)
 I - a cursed ring of loudness
Wands
 q - a wand of iceblast (13)
 B - a wand of polymorph (6)
 G - a wand of flame (29)
 H - a wand of digging (16)
Scrolls
 f - 3 scrolls of amnesia
 h - 3 scrolls of teleportation
 i - 3 scrolls of remove curse
 j - a scroll of immolation
 m - 4 scrolls of identify
 n - a scroll of fog
 y - a scroll of fear
 F - a scroll of random uselessness {unknown}
 J - 2 scrolls of blinking {unknown}
 L - a scroll of torment {unknown}
 O - a scroll of brand weapon {unknown}
Potions
 u - a potion of brilliance
 w - 2 potions of flight
 x - a potion of might
 z - 5 potions of heal wounds
 E - a potion of lignification
 K - a potion of berserk rage {unknown}
Miscellaneous
 M - a phantom mirror
Comestibles
 d - 11 rations


   Skills:
 - Level 5.1 Fighting
 - Level 7.0 Short Blades
 - Level 10.9 Dodging
 - Level 12.4 Stealth
 - Level 6.3 Spellcasting
 - Level 1.4 Conjurations
 - Level 7.0 Hexes
 + Level 1.2 Ice Magic
 - Level 1.7 Air Magic
 - Level 1.3 Evocations


You had 8 spell levels left.
You knew the following spells:

 Your Spells              Type           Power        Failure   Level  Hunger
a - Corona                Hex            ####...      1%          1    None
b - Ensorcelled Hibernat  Hex/Ice        ###...       3%          2    None
c - Confuse               Hex            ####....     1%          3    ##.....
d - Tukima's Dance        Hex            ####....     1%          3    ##.....
e - Dazzling Spray        Conj/Hex       ###...       6%          3    ##.....
f - Shock                 Conj/Air       ##..         6%          1    None

Your spell library contained the following spells:

 Spells                   Type           Power        Failure   Level  Hunger
 Lightning Bolt           Conj/Air       ##........   85%         5    #####..
 Throw Frost              Conj/Ice       ##....       10%         2    None
 Freeze                   Ice            ##..         7%          1    None
 Summon Ice Beast         Ice/Summ       #.......     63%         4    ####...
 Ozocubu's Armour         Chrm/Ice       #.......     26%         3    ##.....
 Swiftness                Chrm/Air       #.......     12%         2    None
 Throw Icicle             Conj/Ice       ##......     54%         4    ####...
 Airstrike                Air            ##........   45%         4    ####...
 Static Discharge         Conj/Air       ##......     17%         3    ##.....


Dungeon Overview and Level Annotations

Branches:
Dungeon (10/15)            Temple (1/1) D:4            Lair (1/6) D:9
    Orc: D:9-12

Altars:
Ashenzari
Cheibriados
Dithmenos
Elyvilon
Fedhas
Gozag
Hepliaklqana
Kikubaaqudgha
Makhleb
Nemelex Xobeh
Okawaru
Qazlal
Ru
Sif Muna
Trog
Uskayaw
Vehumet
Wu Jian
Xom
Yredelemnul
Zin
The Shining One

Shops:
D:7 (

Annotations:
D:6 Gargoyle!
D:8 exclusions: electric eel and 1 more exclusion
D:10 KristoblXynda's ghost, journeyman DDFi


Innate Abilities, Weirdness & Mutations

You are very small and have problems with some larger weapons.
You are too small for most types of armour.
You have supernaturally acute eyesight. (SInv)
You are a herbivore.
You cover ground extremely quickly.
You need to consume almost no food.
You possess an exceptional clarity of mind.
Your mind is acute. (Int +2)
Armour fits poorly on your strangely shaped body.


Message History

Okay, then.
As you read the scroll of identify, it crumbles to dust.
I - a cursed ring of loudness Cast which spell? (? or * to list)
Aiming: Ensorcelled Hibernation (safe; 3% risk of failure)
Press: ? - help, Shift-Dir - straight line, f - four-headed hydra
Aim: a four-headed hydra (chance to defeat MR: 19%)
The four-headed hydra resists with almost no effort.
You repeatedly attack the four-headed hydra from above.
You hit the four-headed hydra.
The four-headed hydra is lightly wounded.
You hit the four-headed hydra.
The four-headed hydra is lightly wounded.
The four-headed hydra bites you!!
The four-headed hydra closely misses you.
The four-headed hydra bites you! x2
* * * LOW HITPOINT WARNING * * *
The four-headed hydra completely misses you.
The four-headed hydra bites you!
You die...

#.>. #P.###.##.†.....#
#...## ##..##.#####.#..#
#....# #.....### ###..#
#...# #####+#...P#####..#
#...#####..##..#...........
#.......#...8.....P###...#
#.#####..$##.##.......####
#..##
#.....##....##§§§.#.#.#
##... ####..#.....§@####..#
#... #.........8.§§D# #..#
#### #..#####........# #..#
##.# #.8...8.## ##.# #.#
#.........####.# #.#
#....8...#.##..# ## #.#
##.......##..P.# #####. #.#
....#.#...##...# #..... #..
....####.....#.# ##..#.#


You could see a four-headed hydra.

Vanquished Creatures
  Pikel (D:5)
  3 komodo dragons (Lair:1)
  A troll (D:8)
  Grinder (D:3)
  2 hippogriffs
  A wyvern (D:8)
  Edmund (D:5)
  2 water moccasins (Lair:1)
  2 slaves (D:5)
  A porcupine (Lair:1)
  2 ice beasts
  A sky beast (D:7)
  6 ogres
  3 centaurs
  3 crocodiles
  2 big kobolds (D:10)
  5 bullfrogs
  A wyvern zombie (D:7)
  2 scorpions
  A wyvern skeleton (D:7)
  5 killer bees (D:8)
  15 wights
  A howler monkey (D:6)
  A crimson imp (D:6)
  A centaur zombie (D:9)
  A hound (D:7)
  A jelly (D:5)
  2 bullfrog skeletons
  3 iguanas
  Natasha (thrice) (D:2 D:4)
  5 orc wizards
  3 worker ants
  A howler monkey zombie (D:7)
  8 adders
  4 gnolls
  2 oozes
  An adder zombie (D:5)
  4 adder skeletons
  2 worms (D:2)
  2 dart slugs
  6 leopard geckos
  18 orcs
  3 bats
  4 giant cockroaches
  7 goblins
  8 hobgoblins
  12 jackals
  6 kobolds
  2 quokkas
  5 ball pythons
  7 frilled lizards
  A leopard gecko skeleton (D:4)
  A leopard gecko zombie (D:8)
  A quokka skeleton (D:6)
  6 rats
193 creatures vanquished.

Vanquished Creatures (collateral kills)
  An ogre (D:6)
  8 wights
  An orc wizard (D:8)
10 creatures vanquished.

Vanquished Creatures (others)
  3 dancing weapons
3 creatures vanquished.

Grand Total: 206 creatures vanquished

Notes
Turn   | Place    | Note
-------+----------+-------------------------------------------
     0 | D:1      | opiumtea the Spriggan Enchanter began the quest for the Orb.
     0 | D:1      | Reached XP level 1. HP: 9/9 MP: 5/5
   673 | D:1      | Reached XP level 2. HP: 13/13 MP: 7/7
  1127 | D:1      | Reached skill level 5 in Stealth
  1229 | D:1      | Learned a level 2 spell: Ensorcelled Hibernation
  1887 | D:2      | Noticed Natasha
  2392 | D:2      | Noticed a crimson imp
  2395 | D:2      | Noticed a crimson imp
  2443 | D:2      | Killed Natasha
  2443 | D:2      | Reached skill level 6 in Stealth
  2443 | D:2      | Reached XP level 3. HP: 16/16 MP: 5/8
  2621 | D:2      | Noticed Natasha
  2624 | D:2      | Killed Natasha
  2624 | D:2      | Reached XP level 4. HP: 21/21 MP: 4/9
  3090 | D:2      | Reached skill level 7 in Stealth
  4171 | D:3      | Reached XP level 5. HP: 24/24 MP: 10/10
  4371 | D:2      | Reached skill level 5 in Hexes
  4742 | D:3      | Noticed Grinder
  4821 | D:3      | Learned a level 3 spell: Confuse
  4838 | D:3      | Killed Grinder
  4838 | D:3      | Reached skill level 8 in Stealth
  4838 | D:3      | Reached XP level 6. HP: 28/28 MP: 8/11
  5087 | D:3      | Found a snail-covered altar of Cheibriados.
  5277 | D:4      | Found a staircase to the Ecumenical Temple.
  5483 | D:4      | Learned a level 3 spell: Tukima's Dance
  5822 | D:4      | Noticed Natasha
  6137 | D:4      | Killed Natasha
  6306 | Temple   | Entered the Ecumenical Temple
  6451 | Temple   | Became a worshipper of the Wu Jian Council
  7046 | D:4      | Found an ancient bone altar of Kikubaaqudgha.
  7927 | D:4      | HP: 1/29 [poisoned by an orc wizard]
  7929 | D:4      | Gained mutation: Your mind is acute. (Int +2) [potion of mutation]
  7929 | D:4      | Gained mutation: Armour fits poorly on your strangely shaped body. [potion of mutation]
  7929 | D:4      | Gained mutation: You possess an exceptional clarity of mind. [potion of mutation]
  7954 | D:4      | Reached XP level 7. HP: 29/32 MP: 6/12
  7961 | D:4      | Learned a level 3 spell: Dazzling Spray
  8042 | D:4      | Reached skill level 5 in Dodging
  8155 | D:4      | Upgraded the game from 0.22-a0-448-g1fb7470 to 0.22-a0-455-ga0624bf
  8247 | D:5      | Entered Level 5 of the Dungeon
  8253 | D:5      | Found a blossoming altar of Fedhas.
  8478 | D:5      | Noticed Edmund
  8489 | D:5      | Killed Edmund
  8605 | D:5      | Found a radiant altar of Vehumet.
  8611 | D:5      | Noticed Pikel
  8625 | D:5      | Killed Pikel
  8625 | D:5      | Reached skill level 10 in Dodging
  8625 | D:5      | Reached XP level 8. HP: 37/37 MP: 8/13
  8819 | D:6      | Reached skill level 1 in Fighting
  9036 | D:6      | Found a sparkling altar of Nemelex Xobeh.
  9194 | D:6      | Found a burning altar of Makhleb.
  9197 | D:6      | Found a blossoming altar of Fedhas.
  9464 | D:6      | Noticed a gargoyle
 10041 | D:7      | Noticed a hippogriff
 10053 | D:7      | Killed a hippogriff
 10053 | D:7      | Reached XP level 9. HP: 40/46 MP: 7/14
 10064 | D:7      | Reached * piety under Wu Jian
 10098 | D:7      | Found Kienyas's Weapon Emporium.
 10369 | D:7      | Reached skill level 5 in Fighting
 11671 | D:8      | Noticed a troll
 11677 | D:8      | Killed a troll
 11677 | D:8      | Reached skill level 5 in Short Blades
 12814 | D:8      | Reached ** piety under Wu Jian
 13022 | D:8      | Reached skill level 5 in Spellcasting
 13711 | D:8      | Learned a level 1 spell: Shock
 13955 | D:8      | Reached XP level 10. HP: 51/51 MP: 16/20
 13993 | D:9      | Found a staircase to the Lair.
 13993 | D:9      | Reached skill level 1 in Air Magic
 14184 | D:9      | Reached skill level 1 in Conjurations
 15058 | D:9      | Reached skill level 9 in Stealth
 15218 | Lair:1   | Entered Level 1 of the Lair of Beasts
 15233 | D:10     | Entered Level 10 of the Dungeon
 15257 | D:10     | Noticed KristoblXynda's ghost (journeyman DDFi)
 16004 | Lair:1   | Reached skill level 10 in Stealth
 16016 | Lair:1   | Reached skill level 11 in Stealth
 16127 | Lair:1   | Reached skill level 12 in Stealth
 16333 | Lair:1   | Reached skill level 1 in Evocations
 16481 | Lair:1   | Noticed a four-headed hydra
 16483 | Lair:1   | Reached skill level 1 in Ice Magic
 16516 | Lair:1   | Upgraded the game from 0.22-a0-455-ga0624bf to 0.22-a0-456-g11ed031
 16530 | Lair:1   | Slain by a four-headed hydra

Vault maps used:
D:1:      grunt_arrival_crossed_arrows
D:2:      uniq_natasha
D:3:      lemuel_round_altar, first_ration, kennysheep_generic_room_7,
          uniq_grinder
D:4:      old_standard_altar, minmay_temple_entry_grid, corexii_leaking_fountain
D:5:      vehumet_crystals, fedhas_altar_3, uniq_edmund, uniq_pikel
D:6:      kennysheep_big_flooded_room, nemelex_xobeh_ov_fountains_minmay,
          grunt_temple_overflow_open
D:7:      serial_shops, shop
D:8:      cheibrodos_two_vegetables
D:9:      lair_entry_dummy
D:10:     hangedman_ranch
Temple:   eino_temple_scatter_basement
Lair:1:   infiniplex_staircase_pool_2, grunt_megastairs_4

Skill      XL: |  1  2  3  4  5  6  7  8  9 10 |
---------------+-------------------------------+-----
Spellcasting   | 3 6 |  6.3
Stealth        | 6 7 8 12 | 12.4
Hexes          | 4 6 7 |  7.0
Short Blades   | 2 7 |  7.0
Dodging        | 10 | 10.9
Fighting       | 4 5 |  5.1
Air Magic      | 1 |  1.7
Conjurations   | 1 |  1.4
Evocations     | 1 |  1.3
Ice Magic      | 1 |  1.2

Action                   |  1- 3 |  4- 6 |  7- 9 | 10-12 || total
-------------------------+-------+-------+-------+-------++-------
Melee: Dagger            |   107 |   152 |   171 |    62 ||   492
 Fire: Hunting sling     |       |     5 |       |       ||     5
 Cast: Corona            |    25 |    17 |     2 |       ||    44
       Ensorcelled Hiber |     8 |    50 |    54 |    37 ||   149
       Confuse           |       |     2 |    45 |    27 ||    74
       Tukima's Dance    |       |     1 |    24 |    12 ||    37
       Shock             |       |       |       |    10 ||    10
       Dazzling Spray    |       |       |       |     4 ||     4
Invok: Lunge             |       |    12 |    48 |    25 ||    85
       Whirlwind         |       |       |     7 |    10 ||    17
       Wall Jump         |       |       |     1 |     1 ||     2
 Abil: Wall Jump         |       |       |       |     1 ||     1
  Use: Potion            |       |     7 |     4 |     1 ||    12
       Scroll            |       |     1 |    13 |     4 ||    18
 Stab: Sleeping          |     6 |    41 |    50 |    21 ||   118
       Confused          |       |     4 |    25 |     8 ||    37
       Distracted        |       |     1 |     1 |       ||     2
  Eat: Ration            |       |     4 |     7 |     2 ||    13
Armor: Robe              |     4 |     9 |     3 |     2 ||    18
Dodge: Dodged            |    96 |   141 |    98 |    49 ||   384

Table legend:
 A = Spawn XP
 B = Non-spawn XP
 C = Spawn XP percentage of total XP
 D = Spawn monster count
 E = Non-spawn monster count
 F = Spawn count percentage of total count
 G = Total turns spent on level
                    A         B        C        D         E        F      G
               +---------+---------+-------+---------+---------+-------+---------
         Total |       0 |    8803 |   0.0 |       0 |     201 |   0.0 | 16530
               +---------+---------+-------+---------+---------+-------+---------
           D:1 |       0 |      29 |   0.0 |       0 |      17 |   0.0 |  2542
           D:2 |       0 |     171 |   0.0 |       0 |      27 |   0.0 |  1542
           D:3 |       0 |     344 |   0.0 |       0 |      16 |   0.0 |  1102
           D:4 |       0 |     321 |   0.0 |       0 |      26 |   0.0 |  2933
           D:5 |       0 |    1144 |   0.0 |       0 |      11 |   0.0 |   742
           D:6 |       0 |     573 |   0.0 |       0 |      15 |   0.0 |  1027
           D:7 |       0 |     985 |   0.0 |       0 |      18 |   0.0 |  1598
           D:8 |       0 |    2147 |   0.0 |       0 |      43 |   0.0 |  2918
           D:9 |       0 |     690 |   0.0 |       0 |      14 |   0.0 |   847
          D:10 |       0 |     299 |   0.0 |       0 |       3 |   0.0 |   558
        Lair:1 |       0 |    2100 |   0.0 |       0 |      11 |   0.0 |   557
               +---------+---------+-------+---------+---------+-------+---------
